Map: Fracture LE

Players

Cliggity - Winner!

  • Race: Protoss Protoss
  • League: Gold
  • Spawn Location: 11:00

BlueScorpian

  • Race: Protoss Protoss
  • Spawn Location: 5:00

VOD

Have the link to the VOD?

Description

Time

  • Played on: Oct. 7, 2018, 3:19 p.m.
  • Length: 8:02
Show
View Real Time Build Order
Export as new Build Order

Cliggity Protoss - Winner!

Build Orders: Blink Stalkers 

Get SALT Encoding   

  12  0:00  Probe  
  13  0:13  Probe  
  14  0:19  Pylon  
  14  0:25  Probe  
  15  0:37  Probe  
  15  0:41  Gateway  
  16  0:48  Probe  
  17  0:51  Assimilator  
  17  0:56  Probe  
  18  1:04  Probe  
  18  1:05  Gateway  
  19  1:16  Probe  
  20  1:22  Assimilator  
  20  1:28  Probe  
  21  1:40  Probe  
  22  1:50  Cybernetics Core  
  22  1:51  Pylon  
  22  1:52  Probe  
  23  2:09  Probe  
  24  2:15  Gateway  
  24  2:16  Pylon  
  24  2:20  Adept x2  
  24  2:23  Warp Gate  
  28  2:33  Probe  
  29  2:43  Twilight Council  
  29  2:45  Probe  
  29  2:46  Stalker  
  29  2:47  Sentry  
  34  3:00  Probe  
  35  3:06  Pylon  
  35  3:11  Robotics Facility  
  35  3:33  Probe  
  36  3:36  Blink  
  36  3:45  Probe  
  37  3:59  Shield Battery  
  38  4:02  Probe  
  38  4:03  Immortal  
  42  4:20  Forge  
  42  4:23  Pylon  
  42  4:30  Probe  
  43  4:40  Nexus  
  43  4:43  Assimilator  
  43  4:47  Assimilator  
  43  4:59  Probe  
  44  5:01  Immortal  
  44  5:04  Stalker  
  50  5:11  Probe  
  51  5:23  Probe  
  51  5:27  Zealot  
  54  5:32  Gateway  
  54  5:34  Protoss Ground Weapons Level 1  
  54  5:35  Pylon  
  54  5:52  Charge, Probe x2  
  56  6:00  Probe x2  
  61  6:04  Immortal  
  61  6:08  Probe  
  63  6:19  Stalker x3  
  69  6:25  Pylon  
  70  6:47  Probe x2  
  71  6:56  Observer  
  71  6:59  Probe x2  
  74  7:12  Probe x2  
  76  7:17  Warp Prism  
  78  7:24  Probe  
  79  7:48  Probe x2  
  81  7:51  Stalker x2  
  81  7:58  Pylon  
  85  7:59  Pylon  
Show
View Real Time Build Order
Export as new Build Order

BlueScorpian Protoss 

Build Orders:  

Get SALT Encoding   

  12  0:03  Probe  
  13  0:15  Probe  
  14  0:27  Probe  
  15  0:35  Pylon  
  15  0:43  Pylon  
  15  0:53  Probe  
  16  0:57  Assimilator  
  16  1:06  Probe  
  17  1:18  Probe  
  18  1:24  Assimilator  
  18  1:30  Probe  
  19  1:50  Pylon  
  19  2:09  Nexus  
  19  2:19  Pylon  
  19  2:44  Assimilator  
  19  3:09  Forge  
  7  4:00  Gateway  
  7  4:01  Protoss Ground Armor Level 1  
  2  4:46  Pylon  
    5:00  Probe  
  1  5:19  Photon Cannon  
    5:21  Probe  
Tags
 
Composition
Blink Stalkers
League
Gold
Matchup
PvP
Spawn Locations
Cross Positions
Add a new tag
Caveats
  • Supply blocks, unpowered buildings, or Contaminate may cause inaccurate times.
  • Supply counts are checked every 10 seconds.